 Dungeon Crawl Stone Soup version 0.22-a0-460-g49b1da7 (webtiles) character file.

865 Espgualade the Skirmisher (level 8, -2/49 HPs)
             Began as a Tengu Ice Elementalist on June 9, 2018.
             Slain by a shadow (20 damage)
             ... on level 6 of the Dungeon.
             The game lasted 00:18:55 (4994 turns).

Espgualade the Skirmisher (Tengu Ice Elementalist)  Turns: 4994, Time: 00:18:56

Health: -2/49      AC:  5    Str:  8    XL:     8   Next: 3%
Magic:  14/14      EV: 15    Int: 21    God:
Gold:   251        SH:  0    Dex: 15    Spells: 3/13 levels left

rFire    . . .     SeeInvis .   i - +0 spear (chaos)
rCold    . . .     Gourm    .   (no shield)
rNeg     . . .     Faith    .   a - +0 robe
rPois    +         Spirit   .   (helmet restricted)
rElec    .         Reflect  .   m - +1 cloak
rCorr    .         Harm     .   v - +0 pair of gloves
MR       .....                  (boots unavailable)
Stlth    +++.......             g - amulet of regeneration
HPRegen  0.56/turn              e - ring of poison resistance
MPRegen  0.14/turn              l - +3 ring of intelligence

@: no status effects
A: beak, talons 3, able to fly 1
a: Fly


You were on level 6 of the Dungeon.
You were hungry.

You visited 2 branches of the dungeon, and saw 7 of its levels.

You collected 251 gold pieces.

Inventory:

Hand Weapons
 i - a +0 spear of chaos (weapon)
 j - a +2 flail of protection
 k - a +1 dagger
Armour
 a - a +0 robe (worn)
 m - a +1 cloak (worn)
 v - a +0 pair of gloves (worn)
Jewellery
 e - a ring of poison resistance (left hand)
 g - an amulet of regeneration (around neck)
 l - a +3 ring of intelligence (right hand)
 r - a cursed ring of teleportation {unknown}
Wands
 t - a wand of polymorph (14)
Scrolls
 o - 2 scrolls of enchant weapon
 p - 2 scrolls of remove curse
Potions
 b - 6 potions of curing
 d - 2 potions of resistance
 h - a potion of lignification {unknown}
 q - a potion of mutation
Comestibles
 c - 11 rations


   Skills:
 - Level 5.3 Fighting
 - Level 5.1 Dodging
 - Level 5.0 Stealth
 + Level 3.4 Spellcasting
 - Level 1.3 Conjurations
 - Level 2.6 Ice Magic


You had 3 spell levels left.
You knew the following spells:

 Your Spells              Type           Power        Failure   Level  Hunger
a - Freeze                Ice            ##..         4%          1    None
b - Throw Frost           Conj/Ice       ##....       9%          2    ##.....
c - Ozocubu's Armour      Chrm/Ice       #.......     22%         3    ###....
d - Throw Icicle          Conj/Ice       ##......     50%         4    ####...

Your spell library contained the following spells:

 Spells                   Type           Power        Failure   Level  Hunger
 Summon Ice Beast         Ice/Summ       #.......     58%         4    ####...


Dungeon Overview and Level Annotations

Branches:
Dungeon (6/15)             Temple (1/1) D:4

Altars:
Ashenzari
Cheibriados
Dithmenos
Elyvilon
Fedhas
Gozag
Hepliaklqana
Kikubaaqudgha
Okawaru
Ru
Sif Muna
Uskayaw
Wu Jian
Xom
Yredelemnul
Zin
The Shining One

Annotations:
D:3 Grinder
D:4 Sigmund


Innate Abilities, Weirdness & Mutations

You have a beak for a mouth.
You have claws for feet.
You can fly.


Message History

A bullfrog comes into view.
Found a ration.
An orc and an orc priest come into view.
You hit the orc.
The orc is poisoned.
The orc is severely wounded.
The orc hits you with a club.
You closely miss the orc.
You kill the orc!
A shadow comes into view.
The shadow slips into darkness.
The shadow flickers and vanishes!
Deactivating autopickup; reactivate with Ctrl-A.
The shadow strikes at you from the darkness!
Ouch! That really hurt!
Reactivating autopickup.
The shadow slips into darkness.
The shadow flickers and vanishes!
Deactivating autopickup; reactivate with Ctrl-A.
The shadow strikes at you from the darkness!
You die...

######<######
#...........#
#.####.####.#
#. #.# #.# #.
#)# #.#
##.####.# #.#
#...o...# #.#
#.%###### #.#
#.. #@# #o.
#{### F..
#...# ##o.
#.#####.# ...
#.......# ...
#########


There were no monsters in sight!

Vanquished Creatures
  A water moccasin (D:5)
  2 centaurs (D:5)
  A centaur zombie (D:5)
  4 orc priests
  A centaur skeleton (D:4)
  A bullfrog skeleton (D:4)
  2 orc wizards
  3 worker ants
  A killer bee zombie (D:5)
  Robin (D:2)
  2 gnolls
  7 adders
  3 oozes
  2 adder skeletons
  2 adder zombies
  4 worms
  2 dart slugs
  A leopard gecko (D:1)
  21 orcs
  4 giant cockroaches
  14 goblins
  7 hobgoblins
  3 jackals (D:3)
  7 kobolds
  5 quokkas
  2 ball pythons (D:3)
  4 bats
  6 frilled lizards
  A jackal skeleton (D:5)
  A quokka zombie (D:2)
  A rat (shapeshifter) (D:3)
  3 rats
119 creatures vanquished.

Notes
Turn   | Place    | Note
-------+----------+-------------------------------------------
     0 | D:1      | Espgualade the Tengu Ice Elementalist began the quest for the Orb.
     0 | D:1      | Reached XP level 1. HP: 10/10 MP: 4/4
    83 | D:1      | Reached skill level 1 in Fighting
   172 | D:1      | Reached XP level 2. HP: 14/16 MP: 6/6
   430 | D:1      | Learned a level 2 spell: Throw Frost
   641 | D:2      | Reached XP level 3. HP: 12/22 MP: 2/7
   800 | D:2      | Found a deep blue altar of Sif Muna.
   800 | D:2      | Found a shattered altar of Ashenzari.
   805 | D:2      | Found a white marble altar of Elyvilon.
   807 | D:2      | Found a glowing silver altar of Zin.
   905 | D:2      | Learned a level 3 spell: Ozocubu's Armour
  1152 | D:2      | Reached XP level 4. HP: 28/28 MP: 5/8
  1352 | D:2      | Noticed Robin
  1431 | D:2      | Killed Robin
  1704 | D:3      | Noticed Grinder
  1763 | D:3      | Gained mutation: You can fly. [Tengu growth]
  1763 | D:3      | Reached XP level 5. HP: 34/34 MP: 5/9
  1800 | D:3      | Found an opulent altar of Gozag.
  1934 | D:3      | Reached skill level 5 in Fighting
  2479 | D:3      | Reached XP level 6. HP: 40/40 MP: 10/10
  2644 | D:3      | Found a shimmering altar of Xom.
  3419 | D:4      | Noticed Sigmund
  3475 | D:4      | Found a staircase to the Ecumenical Temple.
  3481 | Temple   | Entered the Ecumenical Temple
  3832 | D:5      | Entered Level 5 of the Dungeon
  3983 | D:5      | Reached XP level 7. HP: 41/44 MP: 11/11
  4097 | D:5      | Found a sacrificial altar of Ru.
  4347 | D:5      | Reached skill level 5 in Dodging
  4358 | D:5      | Reached skill level 5 in Stealth
  4793 | D:5      | Reached XP level 8. HP: 41/49 MP: 12/14
  4807 | D:5      | Found an iron altar of Okawaru.
  4949 | D:6      | Learned a level 4 spell: Throw Icicle
  4986 | D:6      | Noticed a shadow
  4994 | D:6      | Slain by a shadow

Vault maps used:
D:1:      saegor_arrival_simple_e, feat_on_display
D:2:      grunt_temple_overflow_open, first_ration, serial_bayou_pond_c,
          uniq_robin
D:3:      tgw_xom, lemuel_round_altar, uniq_grinder
D:4:      lemuel_coloured_pillars_altar, minmay_temple_entry_fiery, uniq_sigmund
D:5:      overflow_temple_1_default, basic_altar
D:6:      nicolae_ru_sacrificial_ziggurat, fedhas_altar_3, uniq_blork_the_orc,
          uniq_eustachio, uniq_pikel
Temple:   compressed_dpeg_triangle_lava_temple

Skill      XL: |  1  2  3  4  5  6  7 |
---------------+----------------------+-----
Fighting       | 1 2 3 4 5 |  5.3
Dodging        | 4 5 |  5.1
Stealth        | 4 5 |  5.0
Spellcasting   | 3 |  3.4
Conjurations   | |  1.3
Ice Magic      | |  2.6

Action                   |  1- 3 |  4- 6 |  7- 9 || total
-------------------------+-------+-------+-------++-------
Melee: Unarmed           |    16 |       |       ||    16
       Kick              |     8 |    51 |    20 ||    79
       Peck              |     4 |    41 |    14 ||    59
       Dagger            |    26 |    48 |       ||    74
       Spear             |       |   168 |    71 ||   239
 Cast: Freeze            |    32 |    45 |    12 ||    89
       Throw Frost       |     4 |     1 |     3 ||     8
       Ozocubu's Armour  |     1 |     2 |     1 ||     4
  Use: Scroll            |     7 |     9 |       ||    16
       Potion            |       |     4 |     3 ||     7
 Stab: Sleeping          |       |     7 |     2 ||     9
       Invisible         |       |     4 |       ||     4
       Distracted        |       |     1 |       ||     1
       Petrified         |       |     7 |     2 ||     9
       Petrifying        |       |     1 |     1 ||     2
       Paralysed         |       |       |     1 ||     1
  Eat: Chunk             |     2 |     7 |     2 ||    11
       Ration            |       |     1 |       ||     1
Armor: Robe              |     9 |    48 |    11 ||    68
Dodge: Dodged            |    43 |   130 |    46 ||   219

Table legend:
 A = Spawn XP
 B = Non-spawn XP
 C = Spawn XP percentage of total XP
 D = Spawn monster count
 E = Non-spawn monster count
 F = Spawn count percentage of total count
 G = Total turns spent on level
                    A         B        C        D         E        F      G
               +---------+---------+-------+---------+---------+-------+---------
         Total |       0 |    1237 |   0.0 |       0 |     119 |   0.0 |  4994
               +---------+---------+-------+---------+---------+-------+---------
           D:1 |       0 |      22 |   0.0 |       0 |       9 |   0.0 |   474
           D:2 |       0 |     136 |   0.0 |       0 |      39 |   0.0 |  1145
           D:3 |       0 |     164 |   0.0 |       0 |      29 |   0.0 |  1196
           D:4 |       0 |     215 |   0.0 |       0 |      16 |   0.0 |   791
           D:5 |       0 |     697 |   0.0 |       0 |      25 |   0.0 |  1111
           D:6 |       0 |       3 |   0.0 |       0 |       1 |   0.0 |    51
               +---------+---------+-------+---------+---------+-------+---------
